 Dungeon Crawl Stone Soup version 0.30-a0-632-g346586fe48 (webtiles) character file.

Game seed: 15319235442990272625

91 Leeroy the Slasher (level 4, -6/33 HPs)
             Began as a Merfolk Warper on Jan 13, 2023.
             Killed from afar by Natasha (7 damage)
             ... with a puff of flame
             ... on level 4 of the Dungeon.
             The game lasted 00:02:13 (1842 turns).

Leeroy the Slasher (Merfolk Warper)                 Turns: 1842, Time: 00:02:13

Health: -6/33      AC:  3    Str: 11    XL:     4   Next: 57%
Magic:  7/7        EV: 12    Int: 12    God:
Gold:   140        SH:  0    Dex: 15    Spells: 2/7 levels left

rFire   . . .      SeeInvis .    a - +0 falchion
rCold   . . .      Faith    .    (no shield)
rNeg    . . .      Spirit   .    b - +0 leather armour
rPois   .          Reflect  .    (no helmet)
rElec   .          Harm     .    (no cloak)
rCorr   .          Rampage  .    (no gloves)
Will    .....                    (no boots)
Stlth   +                        (no amulet)
HPRegen 0.25/turn                g - ring of wizardry
MPRegen 0.10/turn                (no ring)

@: no status effects
A: (nimble swimmer 2), mertail
a: no special abilities


You were on level 4 of the Dungeon.
You visited 1 branch of the dungeon, and saw 4 of its levels.

You collected 140 gold pieces.

Inventory:

Hand Weapons
 a - a +0 falchion (weapon)
Missiles
 d - 7 boomerangs of dispersal (quivered)
 r - 3 boomerangs
Armour
 b - a +0 leather armour (worn)
 j - a scarf of harm
Jewellery
 g - a ring of wizardry (left hand)
Scrolls
 e - a scroll of identify {unknown}
 f - a scroll of vulnerability {unknown}
 h - a scroll of teleportation {unknown}
 i - a scroll of enchant armour {unknown}
 l - 2 scrolls of enchant weapon {unknown}
 m - a scroll of immolation {unknown}
 n - 2 scrolls of noise {unknown}
 q - a scroll of torment {unknown}
Potions
 k - a potion of resistance {unknown}
 o - a potion of haste {unknown}
 p - 2 potions of curing {unknown}


   Skills:
 - Level 2.1 Fighting
 + Level 5.6 Long Blades
 - Level 1.0 Throwing
 - Level 0.6 Armour
 - Level 2.6 Dodging
 - Level 2.0 Spellcasting
 - Level 2.4 Translocations


You had 2 spell levels left.
You knew the following spells:

 Your Spells              Type           Power      Damage    Failure   Level
a - Blink                 Tloc           12%        N/A       9%          2
b - Teleport Other        Tloc           6%         N/A       16%         3

Your spell library contained the following spells:

 Spells                   Type           Power      Damage    Failure   Level
 Lesser Beckoning         Tloc           12%        N/A       16%         3
 Vhi's Electric Charge    Tloc/Air       8%         N/A       26%         3
 Manifold Assault         Tloc           6%         N/A       45%         4


Dungeon Overview and Level Annotations

Branches:
Dungeon (4/15)
 Temple: D:4-7

Altars:

Annotations:
D:4 Natasha


Innate Abilities, Weirdness & Mutations

((You are very nimble when in or above water. (Stealth+, EV+, Speed+++)))
Your lower body shifts to a powerful aquatic tail in water.


Message History

You kill the dart slug!
An orc wizard opens the door.
The orc wizard points at you and mumbles some strange words.
You are confused.
You are too confused!
You are too confused!
You are too confused!
You are too confused!
An orc comes into view. It is wielding a +0 dagger.
You miss the orc wizard.
You feel less confused.
An orc comes into view. It is wielding a +0 flail.
The orc wizard hits you with a +0 dagger.
The orc enters a dispersal trap!
The orc wizard blinks!
The orc blinks!
You blink.
The orc blinks!
You open the door.
Natasha, Servant of Life and Death comes into view.
She is carrying a wand of flame (20).
Natasha zaps a wand.
The puff of flame hits you! The orc wizard casts a spell at you.
You resist with some effort.
There is an open door here.
The orc shouts!
Natasha wildly gestures.
Natasha's front paws start to glow.
You close the door.
You barely miss Natasha.
Natasha zaps a wand.
The puff of flame hits you.
An orc wizard breaks down the door.
Natasha zaps a wand.
The puff of flame hits you!
The orc wizard gestures wildly while chanting.
The orc wizard flickers and vanishes!
Deactivating autopickup; reactivate with Ctrl-A.
Natasha zaps a wand.
The puff of flame hits you!
* * * LOW HITPOINT WARNING * * *
Okay, then.
Okay, then.
Blink to where?
Press: ? - help, Dir - move target
As you read the scroll of blinking, it crumbles to dust.
Natasha zaps a wand.
The puff of flame hits you!
You die...

.# ##.....## ## .#
##.......######.##.#
.###.........##........#
...'..†....o{'.h........
..##.........##.#...#.
).###.......###§#.....
<...##.^...## #.#..# #
....###...## #.#..###.#
....# ##'## #.@.......
..### #.# ####.##### ..#
... # ... ...## ###


You could see Natasha.

Vanquished Creatures
  An orc wizard (D:4)
  3 adders (D:2)
  A worm (D:2)
  2 dart slugs
  An orc (D:3)
  2 endoplasms
  2 giant cockroaches
  2 goblins
  A hobgoblin (D:1)
  2 quokkas
  A ball python (D:1)
  5 bats
  7 frilled lizards
  2 kobolds
  4 rats
36 creatures vanquished.

Notes
Turn   | Place    | Note
-------+----------+-------------------------------------------
     0 | D:1      | Leeroy the Merfolk Warper began the quest for the Orb.
     0 | D:1      | Reached XP level 1. HP: 16/16 MP: 3/3
   190 | D:1      | Reached skill level 3 in Long Blades
   259 | D:1      | Reached XP level 2. HP: 21/22 MP: 5/5
   342 | D:1      | Found a faded altar of an unknown god.
   444 | D:1      | Learned a level 2 spell: Blink
   922 | D:2      | Reached skill level 4 in Long Blades
   931 | D:2      | Reached XP level 3. HP: 23/27 MP: 6/6
  1412 | D:2      | Reached skill level 5 in Long Blades
  1421 | D:2      | Reached XP level 4. HP: 29/33 MP: 7/7
  1631 | D:3      | Learned a level 3 spell: Teleport Other
  1835 | D:4      | Noticed Natasha
  1841 | D:4      | HP: 1/33 [Natasha/puff of flame (9)]
  1842 | D:4      | Killed from afar by Natasha

Illustrated notes

Levels and vault maps discovered:
D:1:      dpeg_arrival_boxorama, layout_basic,
          hellmonk_ecumenical_altar_heavens_door
D:2:      layout_loops_corners, corexii_shack
D:3:      layout_loops_ring, tso_altar
D:4:      layout_loops_corners, nicolae_hepliaklqana_monster_ancestors,
          serial_park_tiny_2, grunt_ministairs_11, uniq_menkaure, uniq_natasha

Skill      XL: |  1  2  3 |
---------------+----------+-----
Long Blades    | 3 4 5 |  5.6
Fighting       | |  2.1
Throwing       | |  1.0
Armour         | |  0.6
Dodging        | |  2.6
Spellcasting   | |  2.0
Translocations | |  2.4

Action                   |  1- 3 |  4- 6 || total
-------------------------+-------+-------++-------
Melee: Falchion          |   102 |    36 ||   138
       Punch             |     1 |     1 ||     2
 Cast: Blink             |       |     1 ||     1
  Use: Scroll            |       |     1 ||     1
 Stab: Sleeping          |     1 |       ||     1
Armor: Leather armour    |    26 |     8 ||    34
Dodge: Dodged            |    76 |    12 ||    88

Table legend: (Time is in decaauts)
 A = Elapsed time spent in this place.
 B = Non-inter-level travel time spent in this place.
 C = Inter-level travel time spent in this place.
 D = Time resting spent in this place.
 E = Time spent auto-exploring this place.
 F = Levels seen in this place.
 G = Mean time per level.
                   A        B        C        D        E       F      G
               +--------+--------+--------+--------+--------+-----+--------+
         Total |   1853 |   1794 |     59 |      0 |   1468 |   4 |  463.2 |
       Dungeon |   1853 |   1794 |     59 |      0 |   1468 |   4 |  463.2 |
               +--------+--------+--------+--------+--------+-----+--------+

Top non-repeatable levels by time:
     D:2: 863 daAuts
     D:1: 731 daAuts
     D:3: 142 daAuts
     D:4: 116 daAuts
